 Dungeon Crawl Stone Soup version 0.21-a0-243-g597973d (webtiles) character file.

506 RandomMack the Covert (level 6, -1/30 HPs)
             Began as a Spriggan Assassin on Sept 4, 2017.
             Hit by a tomahawk thrown by an orc warrior (17 damage)
             ... on level 1 of the Orcish Mines.
             The game lasted 00:04:23 (1522 turns).

RandomMack the Covert (Spriggan Assassin)           Turns: 1522, Time: 00:04:24

Health: -1/30      AC:  5    Str:  7    XL:     6   Next: 97%
Magic:  7/7        EV: 17    Int: 12    God:
Gold:   54         SH:  0    Dex: 20    Spells: 5/5 levels left

rFire    . . .     SeeInvis +   c - +5 double sword "Qeq Tiad" {flame, *Drain rElec Stlth+}
rCold    . . .     Gourm    .   (shield currently unavailable)
rNeg     . . .     Faith    .   j - +2 robe {MR+}
rPois    .         Spirit   .   (helmet restricted)
rElec    +         Reflect  .   d - +0 cloak
rCorr    .         Harm     .   (gloves unavailable)
MR       ++...                  (boots unavailable)
Stlth    ++++++....             (no amulet)
HPRegen  0.10/turn              (no ring)
MPRegen  0.10/turn              (no ring)

@: very quick
A: unfitting armour, see invisible, herbivore 3, speed 3, slow metabolism 2
a: no special abilities


You were on level 1 of the Orcish Mines.
You were not hungry.

You visited 2 branches of the dungeon, and saw 12 of its levels.

You collected 54 gold pieces.

Inventory:

Hand Weapons
 a - a +2 dagger
 b - a +0 blowgun
 c - the +5 double sword "Qeq Tiad" (weapon) {flame, *Drain rElec Stlth+}
   (You acquired it on level 11 of the Dungeon)

   It has been specially enchanted to burn those struck by it, causing extra
   injury to most foes and up to half again as much damage against particularly
   susceptible opponents.
   Big, fiery blades are also staple armaments of hydra-hunters.
   It insulates you from electricity.
   It causes draining when unequipped.
   It makes you more stealthy.
Missiles
 e - 8 poisoned needles
 f - 2 curare-tipped needles
Armour
 d - a +0 cloak (worn)
 j - a +2 robe of magic resistance (worn)
   (You found it on level 1 of the Dungeon)
Wands
 o - a wand of flame (36/48)
   (You found it on level 11 of the Dungeon)
Scrolls
 h - a scroll of remove curse
 l - a scroll of fog
 m - a scroll of teleportation
 n - a scroll of identify
 p - a scroll of enchant weapon {unknown}
Potions
 i - a potion of brilliance {unknown}
 k - 2 potions of curing {unknown}
Comestibles
 g - a bread ration {@e1}


   Skills:
 - Level 1.5 Fighting
 - Level 2.1 Short Blades
 - Level 2.0 Throwing
 - Level 1.5 Dodging
 + Level 12.4 Stealth


You had 5 spell levels left.
You didn't know any spells.

Dungeon Overview and Level Annotations

Branches:
Dungeon (11/15)               Orc (1/2) D:9
 Temple: D:4-7         Lair: D:8-11

Altars:
Nemelex Xobeh
Okawaru

Annotations:
D:6 Edmund
D:7 1 runed door, RandomMack's ghost, amateur SpAs


Innate Abilities, Weirdness & Mutations

You are very small and have problems with some larger weapons.
You are too small for most types of armour.
You have supernaturally acute eyesight. (SInv)
You are a herbivore.
You cover ground extremely quickly.
You need consume almost no food.


Message History

It is a scroll of recharging.
Charge which item? (? for menu, Esc to quit)
Your wand of flame (?/48) glows for a moment.
As you read the scroll labeled BOCEAKK MIBO, it crumbles to dust.
Magic quickly surges around you.
It was a scroll of vulnerability.
As you read the scroll labeled FUIDEI JUFU, it crumbles to dust.
This is a scroll of acquirement! [a] Weapon [b] Armour [c] Jewellery [d] Book [e] Staff [f] Evocables [g] Food [h] Gold What kind of item would you like to acquire? (\ to view known items)
Something appears at your feet!
c - a shimmering double sword Wield which item (- for none, * to show all)? (? for menu, Esc to quit)
The +5 double sword "Qeq Tiad" {flame, *Drain rElec Stlth+} bursts into flame!
c - the +5 double sword "Qeq Tiad" (weapon)
{flame, *Drain rElec Stlth+} Wield which item (- for none, * to show all)? (? for menu, Esc to quit)
Okay, then.
Found a stone staircase leading down.
A hungry ghost comes into view.
Found a stone staircase leading up.
A crimson imp comes into view.
An orc priest comes into view. It is wielding a short sword.
An orc priest comes into view. It is wielding a dagger.
An orc comes into view. It is wielding a whip.
An orc warrior comes into view. It is wielding a scimitar of slicing.
An orc comes into view.
There is a stone staircase leading up here.
You climb upwards.
A worker ant comes into view.
A crocodile comes into view.
There is a stone staircase leading down here.
The helpless worker ant fails to defend itself.
You slash the worker ant! You burn the worker ant.
You kill the worker ant!
You see here 16 poisoned needles.
i - a lumpy ruby potion
There are no items here.
You feel less vulnerable to hostile enchantments.
Found 26 stones.
Found a stone staircase leading down.
An ice beast comes into view.
The teleport trap disappears.
The ice beast disappears!
There is a stone staircase leading up here.
You climb upwards.
An ogre comes into view. It is wielding a giant spiked club.
There is a stone staircase leading down here.
The helpless ogre fails to defend itself.
You hit the ogre. You burn the ogre. The ogre completely misses you.
You riposte.
You slash the ogre! You burn the ogre. You slash the ogre! You burn the ogre.
You kill the ogre!
Your Stealth skill increases to level 12!
An orc priest comes into view. It is wielding a mace.
You see here a giant spiked club.
You closely miss the orc priest.
The orc priest miscasts a cantrip.
You slash the orc priest! You burn the orc priest.
The orc priest closely misses you.
You barely miss the orc priest. The orc priest closely misses you.
You closely miss the orc priest. The orc priest completely misses you.
You riposte.
You hit the orc priest. You burn the orc priest.
You kill the orc priest!
m - a scroll of teleportation
Things that are here:
a mace; a leather armour 3 orcs and an orc warrior come into view.
The orc warrior shouts!
The orc shouts! x2
You see here a scroll labeled XIBBUEFFOE.
You see here a scroll labeled XIBBUEFFOE.
p - a scroll labeled XIBBUEFFOE
Found a staircase to the Orcish Mines.
An orc comes into view. It is wielding a flail.
Found a stone staircase leading up.
There is a staircase to the Orcish Mines here.
You climb downwards.
Welcome to the Orcish Mines!
An orc, an orc warrior and an orc priest come into view.
Found 13 gold pieces.
Found a stone staircase leading down.
There is a staircase back to the Dungeon here.
An orc priest comes into view.
An orc priest comes into view.
An ogre comes into view. It is wielding a giant club.
An orc warrior comes into view. It is wielding a halberd.
An orc comes into view. It is wielding a hand axe.
The orc priest shouts!
You see here 13 gold pieces. 2 orcs come into view.
An orc wizard comes into view. It is wielding a dagger.
The orc shouts!
An orc warrior and an orc wizard come into view.
The orc warrior shouts!
The orc wizard shouts!
The orc wizard moves out of view.
The orc priest calls down the wrath of Beogh upon you.
Beogh smites you!
Ouch! That really hurt!
The orc warrior shouts!
The orc wizard shouts!
The orc shouts!
The orc warrior shouts!
The orc shouts!
You take 15 damage, and have 15/30 hp.
MASSIVE DAMAGE!!
The orc warrior throws a tomahawk.
The tomahawk hits you!
Ouch! That really hurt!
You die...

.....#..#...###
...o.....#....##
..ooo#..#......#
.......O.......#
$#.....o#..$...#
...o>.........##
..o.oo........#
...oo...#.....##
...o..#.#@.....#
...#.#........##
.# #.##.#....##
. ##.<.### ##
#....# ##..##
##.# ... ##.#


You could see an orc warrior, an ogre, an orc priest and an orc wizard.

Vanquished Creatures
  An ice beast (D:11)
  3 ogres
  A howler monkey (D:7)
  An orc priest (D:9)
  2 worker ants
  A howler monkey skeleton (D:11)
  An adder (D:7)
  A shadow imp (D:10)
  A dart slug (D:1)
  An orc (D:11)
  A ball python (D:4)
  A giant cockroach (D:3)
  2 goblins
  3 kobolds
  2 bats (D:1)
  A rat (D:1)
23 creatures vanquished.

Vanquished Creatures (others)
  A plant (D:10)
1 creature vanquished.

Grand Total: 24 creatures vanquished

Notes
Turn   | Place    | Note
-------+----------+-------------------------------------------
     0 | D:1      | RandomMack the Spriggan Assassin began the quest for the Orb.
     0 | D:1      | Reached XP level 1. HP: 10/10 MP: 2/2
    56 | D:1      | Reached skill level 6 in Stealth
   298 | D:3      | Reached XP level 2. HP: 14/14 MP: 3/3
   438 | D:4      | Reached skill level 7 in Stealth
   438 | D:4      | Reached XP level 3. HP: 18/18 MP: 4/4
   443 | D:4      | Noticed an ogre
   448 | D:4      | Killed an ogre
   448 | D:4      | Reached skill level 9 in Stealth
   448 | D:4      | Reached XP level 4. HP: 22/22 MP: 5/5
   456 | D:4      | Noticed an ogre
   463 | D:4      | Killed an ogre
   463 | D:4      | Reached skill level 10 in Stealth
   463 | D:4      | Reached XP level 5. HP: 25/25 MP: 6/6
   486 | D:5      | Entered Level 5 of the Dungeon
   522 | D:6      | Noticed Edmund
   642 | D:7      | Found a sparkling altar of Nemelex Xobeh.
   743 | D:7      | Noticed RandomMack's ghost (amateur SpAs)
   758 | D:7      | Found an iron altar of Okawaru.
   772 | D:7      | Noticed an orc warrior
   853 | D:7      | Found a runed door.
  1128 | D:10     | Entered Level 10 of the Dungeon
  1135 | D:10     | Noticed a black bear
  1187 | D:10     | Noticed a crocodile
  1215 | D:11     | Reached skill level 11 in Stealth
  1215 | D:11     | Reached XP level 6. HP: 30/30 MP: 7/7
  1288 | D:11     | Noticed an ice beast
  1294 | D:11     | Noticed a gargoyle
  1295 | D:11     | Killed an ice beast
  1342 | D:11     | Identified a scroll of acquirement
  1343 | D:11     | Got a shimmering double sword
  1344 | D:11     | Identified the +5 double sword "Qeq Tiad" {flame, *Drain rElec Stlth+} (You acquired it on level 11 of the Dungeon)
  1349 | D:11     | Noticed a hungry ghost
  1380 | D:11     | Noticed an orc warrior
  1437 | D:10     | Noticed an ice beast
  1485 | D:9      | Reached skill level 12 in Stealth
  1493 | D:9      | Noticed an orc warrior
  1504 | D:9      | Found a staircase to the Orcish Mines.
  1508 | Orc:1    | Entered Level 1 of the Orcish Mines
  1508 | Orc:1    | Noticed an orc warrior
  1514 | Orc:1    | Noticed an orc warrior
  1518 | Orc:1    | Noticed an orc warrior
  1522 | Orc:1    | Hit by a tomahawk thrown by an orc warrior

Vault maps used:
D:1:      wheals_arrival_shading
D:2:      nicolae_ru_great_annihilating_truth, minmay_tetromino_t2, uniq_natasha
D:3:      amethyst_overflow_temple_binary, chequers_ecumenical_altar_simple,
          minmay_misc_feat_hallway
D:4:      uniq_robin
D:5:      kennysheep_mini_moat, gammafunk_temple_overflow_statue, first_bread,
          serial_bayou, serial_bayou_pond_a, serial_bayou_shore_b,
          serial_bayou_lagoon_b, serial_bayou_pond_b,
          hangedman_abyss_or_decor_lesser_grid, kennysheep_generic_room_9,
          uniq_pikel
D:6:      cheibrodos_thug_alley, grunt_temple_overflow_champion_of_chaos,
          basic_altar, uniq_edmund
D:7:      lemuel_round_altar, okawaru_humans, temple_statues,
          uniq_crazy_yiuf_cottage
D:8:      wad_lake_hut, uniq_maurice
D:9:      overflow_temple_1_default, tso_metal_star, marbit_many_paths
D:10:     david_lair_generic, hangedman_pestilent_swarm
Orc:1:    serial_shops, shop, abandoned_shop, mines4_lemuel

Skill      XL: |  1  2  3  4  5  6 |
---------------+-------------------+-----
Stealth        | 6 7 9 10 11 12 | 12.4
Fighting       | |  1.5
Short Blades   | |  2.1
Throwing       | |  2.0
Dodging        | |  1.5

Action                   |  1- 3 |  4- 6 || total
-------------------------+-------+-------++-------
Melee: Dagger            |    23 |    22 ||    45
       Double sword      |       |     7 ||     7
  Use: Scroll            |       |     9 ||     9
 Stab: Sleeping          |     9 |     7 ||    16
Armor: Robe              |     2 |     1 ||     3
Dodge: Dodged            |    12 |    39 ||    51
       Rpst.: Double sword |       |     2 ||     2

Table legend:
 A = Spawn XP
 B = Non-spawn XP
 C = Spawn XP percentage of total XP
 D = Spawn monster count
 E = Non-spawn monster count
 F = Spawn count percentage of total count
 G = Total turns spent on level
                    A         B        C        D         E        F      G
               +---------+---------+-------+---------+---------+-------+---------
         Total |       0 |     724 |   0.0 |       0 |      23 |   0.0 |  1522
               +---------+---------+-------+---------+---------+-------+---------
           D:1 |       0 |      10 |   0.0 |       0 |       5 |   0.0 |   222
           D:3 |       0 |       7 |   0.0 |       0 |       4 |   0.0 |   127
           D:4 |       0 |     283 |   0.0 |       0 |       4 |   0.0 |    64
           D:7 |       0 |      65 |   0.0 |       0 |       3 |   0.0 |   342
           D:9 |       0 |     164 |   0.0 |       0 |       2 |   0.0 |    52
          D:10 |       0 |      43 |   0.0 |       0 |       2 |   0.0 |   181
          D:11 |       0 |     152 |   0.0 |       0 |       3 |   0.0 |   173
               +---------+---------+-------+---------+---------+-------+---------

Vault maps used:
D:1:      wheals_arrival_shading
D:2:      nicolae_ru_great_annihilating_truth, minmay_tetromino_t2, uniq_natasha
D:3:      amethyst_overflow_temple_binary, chequers_ecumenical_altar_simple,
          minmay_misc_feat_hallway
D:4:      uniq_robin
D:5:      kennysheep_mini_moat, gammafunk_temple_overflow_statue, first_bread,
          serial_bayou, serial_bayou_pond_a, serial_bayou_shore_b,
          serial_bayou_lagoon_b, serial_bayou_pond_b,
          hangedman_abyss_or_decor_lesser_grid, kennysheep_generic_room_9,
          uniq_pikel
D:6:      cheibrodos_thug_alley, grunt_temple_overflow_champion_of_chaos,
          basic_altar, uniq_edmund
D:7:      lemuel_round_altar, okawaru_humans, temple_statues,
          uniq_crazy_yiuf_cottage
D:8:      wad_lake_hut, uniq_maurice
D:9:      overflow_temple_1_default, tso_metal_star, marbit_many_paths
D:10:     david_lair_generic, hangedman_pestilent_swarm
Orc:1:    serial_shops, shop, abandoned_shop, mines4_lemuel

Table legend:
 A = Turns spent in this place as a percentage of turns spent in the entire game.
 B = Non-inter-level travel turns spent in this place as a percentage of non-inter-level travel turns spent in the entire game.
 C = Inter-level travel turns spent in this place as a percentage of turns spent in this place.
 D = Turns resting spent in this place as a percentage of non-inter-level travel turns spent in this place.
 E = Turns spent auto-exploring this place as a percentage of non-inter-level travel turns spent in this place.
 F = Non-inter-level travel turns spent in this place divided by the number of levels of this place that you've seen.
                   A       B       C       D       E      F
               +-------+-------+-------+-------+-------+----------------------
         Total | 100.0 | 100.0 |   0.5 |  15.8 |  28.4 | 126.2
       Dungeon |  99.1 |  99.1 |   0.5 |  16.0 |  28.6 | 136.5
  Orcish Mines |   0.9 |   0.9 |   0.0 |   0.0 |   0.0 |  14.0
               +-------+-------+-------+-------+-------+----------------------

Table legend:
 A = Kills in this place as a percentage of kills in entire the game.
 B = Kills by you in this place as a percentage of kills by you in the entire game.
 C = Kills by friends in this place as a percentage of kills by friends in the entire game.
 D = Other kills in this place as a percentage of other kills in the entire game.
 E = Experience gained in this place as a percentage of experience gained in the entire game.
 F = Experience gained in this place divided by the number of levels of this place that you have seen.
                   A       B       C       D       E      F
               +-------+-------+-------+-------+-------+----------------------
         Total | 100.0 | 100.0 |   N/A |   N/A | 100.0 |  60.3
       Dungeon | 100.0 | 100.0 |   N/A |   N/A | 100.0 |  65.8
               +-------+-------+-------+-------+-------+----------------------
